cohdb
Replays
Latest Replays
All Replays
Popular Replays
Top Player Replays
Match Explorer
How It Works
Community
CoH3 Stats
Reddit
Sign in to upload your games and track your stats! →
Sign in with Steam
Match 39462732
Unlisted
Match 39462732
Overview
Messages
Build Orders
End
Selects Panzerjäger Kommand Battlegroup
Panzergrenadier Squad
Selects Mine Fields
250 Light Carrier
250 Light Carrier
Panzergrenadier Squad
Construct Light Support Kompanie
Combat Half-tracks
Selects Tank Busters
Selects Defensive Positions
Panzerjäger Squad
Construct Mechanized Kompanie
2.5-tonne Medical Truck
Support Armor Elements
Selects Butterfly Bomb Drop
StuG III D Assault Gun
254 Reconnaissance Tractor
Panzerjäger Squad
Selects GrB 39 Grenade Launcher Requisition
Selects Tank Busters
Emergency Repair Kits
Selects Crew Shock Tactics
Panzergrenadier Squad
Dreamerpython
义勇军
Dat Player
Sparkle
Mo-J
Wheeler
0
0
Comments
sign in to comment!
No comments posted yet!